 Dungeon Crawl Stone Soup version 0.25-a0-1007-g10a8c3caa8 (webtiles) character file.

Game seed: 1420168617364154074, levelgen mode: classic

56 Amnesiac the Chiller (level 3, -4/19 HPs)
             Began as a Deep Elf Ice Elementalist on May 11, 2020.
             Slain by a worm (5 damage)
             ... on level 2 of the Dungeon.
             The game lasted 00:02:43 (2352 turns).

Amnesiac the Chiller (Deep Elf Ice Elementalist)    Turns: 2352, Time: 00:02:44

Health: -4/19      AC:  2    Str:  5    XL:     3   Next: 69%
Magic:  8/10       EV: 13    Int: 20    God:
Gold:   71         SH:  0    Dex: 15    Spells: 2/9 levels left

rFire    . . .     SeeInvis .   (no weapon)
rCold    . . .     Gourm    .   (no shield)
rNeg     . . .     Faith    .   a - +0 robe
rPois    .         Spirit   .   (no helmet)
rElec    .         Reflect  .   (no cloak)
rCorr    .         Harm     .   (no gloves)
MR       +....                  (no boots)
Stlth    ++........             p - amulet of magic regeneration
HPRegen  0.06/turn              b - ring of protection from magic
MPRegen  0.37/turn              (no ring)

@: no status effects
A: no striking features
a: no special abilities


You were on level 2 of the Dungeon.
You were not hungry.

You visited 1 branch of the dungeon, and saw 4 of its levels.

You collected 71 gold pieces.

Inventory:

Missiles
 k - 95 stones (quivered)
 n - 38 sling bullets
Armour
 a - a +0 robe (worn)
 q - a +0 kite shield
Jewellery
 b - a ring of protection from magic (left hand)
 d - a +4 amulet of reflection
 p - an amulet of magic regeneration (around neck)
Scrolls
 e - 3 scrolls of teleportation {!r, unknown}
 h - 4 scrolls of identify {!r, unknown}
 m - a scroll of remove curse {!r, unknown}
 s - 3 scrolls of magic mapping {!r, unknown}
 t - a scroll of amnesia {!r, unknown}
 u - a scroll of enchant weapon {!r, unknown}
Potions
 f - 2 potions of stabbing {!q, unknown}
 g - 2 potions of mutation {!q, unknown}
 i - 2 potions of magic {!q, unknown}
 j - a potion of lignification {!q, unknown}
 l - 2 potions of might {!q, unknown}
 o - a potion of curing {!q, unknown}
 r - a potion of berserk rage {!q, unknown}
Comestibles
 c - 8 rations
 v - 3 chunks of flesh


   Skills:
 + Level 2.8 Dodging
 - Level 3.0 Stealth
 + Level 3.7 Spellcasting
 * Level 5.2 Ice Magic


You had 2 spell levels left.
You knew the following spells:

 Your Spells              Type           Power        Failure   Level  Hunger
a - Freeze                Ice            ###.         1%          1    None
b - Frozen Ramparts       Ice            ###...       4%          3    ###....
z - Ozocubu's Armour      Chrm/Ice       ##......     13%         3    ###....

Your spell library contained the following spells:

 Spells                   Type           Power        Failure   Level  Hunger
 Hailstorm                Conj/Ice       ##......     41%         4    ####...
 Summon Ice Beast         Ice/Summ       ##......     41%         4    ####...


Dungeon Overview and Level Annotations

Branches:
Dungeon (4/15)
 Temple: D:4-7

Altars:


Message History

Casting: Freeze (safe; 1% risk of failure)
Confirm with . or Enter, or press ? or * to list all spells.
You can't see any susceptible monsters within range! (Use Z to cast anyway.)
A hobgoblin is nearby!
The hobgoblin shouts!
Casting: Freeze (safe; 1% risk of failure)
Confirm with . or Enter, or press ? or * to list all spells.
Aiming: Freeze (safe; 1% risk of failure)
Press: ? - help, Shift-Dir - straight line, f - hobgoblin
Aim: a hobgoblin, wielding a +0 club You freeze the hobgoblin.
The hobgoblin is moderately wounded.
The hobgoblin hits you but does no damage.
A hobgoblin is nearby!
You barely miss the hobgoblin.
The hobgoblin is moderately wounded.
A worm comes into view.
Casting: Freeze (safe; 1% risk of failure)
Confirm with . or Enter, or press ? or * to list all spells.
Aiming: Freeze (safe; 1% risk of failure)
Press: ? - help, Shift-Dir - straight line, f/p - hobgoblin
Aim: a hobgoblin, wielding a +0 club (moderately wounded)
You freeze the hobgoblin!
You kill the hobgoblin!
A worm is nearby!
Things that are here:
a cursed +0 club; a hobgoblin corpse
Casting: Freeze (safe; 1% risk of failure)
Confirm with . or Enter, or press ? or * to list all spells.
You can't see any susceptible monsters within range! (Use Z to cast anyway.)
A worm is nearby!
The worm bites you!
Ouch! That really hurt!
* * * LOW HITPOINT WARNING * * *
Casting: Freeze (safe; 1% risk of failure)
Confirm with . or Enter, or press ? or * to list all spells.
Aiming: Freeze (safe; 1% risk of failure)
Press: ? - help, Shift-Dir - straight line, f - worm
Aim: a worm You freeze the worm!
The worm is moderately wounded.
A worm is nearby!
You hit the worm but do no damage.
The worm is moderately wounded.
The worm bites you!
* * * LOW HITPOINT WARNING * * *
Casting: Freeze (safe; 1% risk of failure)
Confirm with . or Enter, or press ? or * to list all spells.
Aiming: Freeze (safe; 1% risk of failure)
Press: ? - help, Shift-Dir - straight line, f/p - worm
Aim: a worm (moderately wounded)
You freeze the worm!
The worm is severely wounded.
A worm is nearby!
You are too injured to fight recklessly!
Casting: Freeze (safe; 1% risk of failure)
Confirm with . or Enter, or press ? or * to list all spells.
Aiming: Freeze (safe; 1% risk of failure)
Press: ? - help, Shift-Dir - straight line, f/p - worm
Aim: a worm (severely wounded)
You freeze the worm.
The worm is almost dead.
The worm bites you.
You die...

#.##.# #.. #.##.#
#.# #.##.# #..
#.##.######..
#.##.รท.......
#.#########.# # #.#
# #.#
..###.######.##....
..#
......w@).......$#
###
##################


You could see a worm.

Vanquished Creatures
  An adder (D:3)
  A dart slug (D:1)
  A leopard gecko (D:1)
  3 orcs (D:4)
  A ball python (D:1)
  A giant cockroach (D:1)
  9 hobgoblins
  4 jackals
  A bat (D:2)
  5 goblins
  3 kobolds
  7 rats
37 creatures vanquished.

Notes
Turn   | Place    | Note
-------+----------+-------------------------------------------
     0 | D:1      | Amnesiac the Deep Elf Ice Elementalist began the quest for
                  | the Orb.
     0 | D:1      | Reached XP level 1. HP: 10/10 MP: 6/6
   510 | D:1      | Reached XP level 2. HP: 15/15 MP: 5/8
  1349 | D:2      | Reached skill level 5 in Ice Magic
  1521 | D:3      | Reached XP level 3. HP: 19/19 MP: 7/10
  1526 | D:3      | Learned a level 3 spell: Frozen Ramparts
  1530 | D:3      | Learned a level 3 spell: Ozocubu's Armour
  2352 | D:2      | Slain by a worm

Illustrated notes

Levels and vault maps discovered:
D:1:      tarquinn_simple_flora_water_d, layout_basic
D:2:      layout_loops_ring, lemuel_crystal_altar, kennysheep_boxes
D:3:      layout_loops_ring, first_ration, minmay_misc_feat_encased
D:4:      layout_gridville, serial_shops, nicolae_shop_crystal, uniq_eustachio,
          uniq_duvessa

Skill      XL: |  1  2 |
---------------+-------+-----
Stealth        | 3 |  3.0
Ice Magic      | 5 |  5.2
Dodging        | |  2.8
Spellcasting   | |  3.7

Action                   || total
-------------------------++-------
Melee: Unarmed           ||    10
 Cast: Freeze            ||    48
       Frozen Ramparts   ||     1
 Stab: Sleeping          ||     1
  Eat: Chunk             ||     4
Armor: Robe              ||     3
Dodge: Dodged            ||    26
Block: Other             ||     9
       Reflection        ||     2

Table legend:
 A = Non-vault XP
 B = Vault XP
 C = Vault XP percentage of total XP
 D = Non-vault monster count
 E = Vault monster count
 F = Vault count percentage of total count
                 A         B        C        D         E       F
            +---------+---------+-------+---------+---------+-------
      Total |      80 |       0 |   0.0 |      37 |       0 |   0.0
            +---------+---------+-------+---------+---------+-------
        D:1 |      36 |       0 |   0.0 |      20 |       0 |   0.0
        D:2 |       7 |       0 |   0.0 |       4 |       0 |   0.0
        D:3 |      26 |       0 |   0.0 |       9 |       0 |   0.0
        D:4 |      11 |       0 |   0.0 |       4 |       0 |   0.0
            +---------+---------+-------+---------+---------+-------
